 Dungeon Crawl Stone Soup version 0.19.1 (webtiles) character file.

80247 JeffiDaFish the Peltast (level 15, -11/96 HPs)
             Began as a Gargoyle Fighter on Nov 22, 2016.
             Was the Champion of Makhleb.
             Killed by divine providence
             ... invoked by a meliai
              (15 damage)
             ... on level 14 of the Dungeon on Nov 24, 2016.
             The game lasted 01:22:34 (19931 turns).

JeffiDaFish the Peltast (Gargoyle Fighter)         Turns: 19931, Time: 01:22:35

Health: -11/96     AC: 39    Str: 35    XL:     15   Next: 66%
Magic:  17/17      EV:  9    Int: 10    God:    Makhleb [******]
Gold:   1584       SH: 25    Dex: 12    Spells: 1 memorised, 12 levels left

rFire  + . .     SeeInvis .     g - +7 flail
rCold  + . .     Gourm    .     J - +1 plate armour of the Cuttlefish {Str+8}
rNeg   + + .     Faith    .     N - +1 large shield {reflect}
rPois  ∞         Spirit   .     w - +0 hat
rElec  +         Reflect  +     l - +2 cloak
rCorr  .         Harm     .     r - +2 pair of gloves
MR     ++...                    A - +2 pair of boots
Stlth  ..........               m - amulet of rage
                                a - ring "Gixasoh" {rC+ rN+ MR+ Str+3}
                                v - +2 ring of strength

@: marked, flying
A: antennae 1, big wings, thin metallic scales 1, fire resistance 1, negative
energy resistance 1, electricity resistance, unbreathing, petrification
resistance, rot immunity, AC +11
a: Stop Flying, Minor Destruction, Lesser Servant of Makhleb, Major Destruction,
Greater Servant of Makhleb, Renounce Religion, Evoke Berserk Rage


You were on level 14 of the Dungeon.
You worshipped Makhleb.
Makhleb was exalted by your worship.
You were not hungry.

You visited 3 branches of the dungeon, and saw 21 of its levels.
You also visited: Labyrinth.

You collected 1584 gold pieces.

Inventory:

Hand Weapons
 g - a +7 flail (weapon)
Armour
 l - a +2 cloak (worn)
 r - a +2 pair of gloves (worn)
 w - a +0 hat (worn)
 A - a +2 pair of boots (worn)
 J - the +1 plate armour of the Cuttlefish (worn) {Str+8}
   (You found it in a labyrinth)

   It affects your strength (+8).
 N - a +1 large shield of reflection (worn)
Jewellery
 a - the ring "Gixasoh" (right hand) {rC+ rN+ MR+ Str+3}
   (You found it in a labyrinth)

   [ring of protection from magic]

   It affects your strength (+3).
   It protects you from cold.
   It protects you from negative energy.
   It affects your resistance to hostile enchantments.
 m - an amulet of rage (around neck)
 v - a +2 ring of strength (left hand)
Scrolls
 b - 10 scrolls of teleportation
 e - a scroll of amnesia
 i - 12 scrolls of remove curse
 p - 4 scrolls of fog
 y - 6 scrolls of identify
 E - a scroll of fear
Potions
 c - a potion of brilliance
 d - 4 potions of might
 j - 2 potions of cancellation
 k - 4 potions of agility
 o - 2 potions of berserk rage
 t - 5 potions of flight
 B - 2 potions of cure mutation
 C - 2 potions of magic
 H - a potion of curing
 I - a potion of invisibility
 M - 2 potions of haste
Books
 x - a book of Alchemy

   Spells                             Type                      Level
   a - Sublimation of Blood           Necromancy                   2
   b - Ignite Poison                  Fire/Transmutation/Poison    3
   c - Petrify                        Transmutation/Earth          4
   d - Alistair's Intoxication        Transmutation/Poison         5
   e - Irradiate                      Conjuration/Transmutation    5
 F - a book of the Earth

   Spells                             Type                      Level
   a - Leda's Liquefaction            Hexes/Earth                  4
   b - Bolt of Magma                  Conjuration/Fire/Earth       5
   c - Statue Form                    Transmutation/Earth          6
   d - Iron Shot                      Conjuration/Earth            6
   e - Shatter                        Earth                        9
 O - a book of Enchantments

   Spells                             Type                      Level
   a - Cause Fear                     Hexes                        4
   b - Yara's Violent Unravelling     Hexes/Transmutation          5
   c - Silence                        Hexes/Air                    5
   d - Deflect Missiles               Charms/Air                   6
   e - Discord                        Hexes                        8
 Q - a book of Conjurations

   Spells                             Type                      Level
   a - Magic Dart                     Conjuration                  1
   b - Searing Ray                    Conjuration                  2
   c - Dazzling Spray                 Conjuration/Hexes            3
   d - Fulminant Prism                Conjuration/Hexes            4
   e - Iskenderun's Mystic Blast      Conjuration                  4
   f - Iskenderun's Battlesphere      Conjuration/Charms           5
Miscellaneous
 G - a phial of floods
Comestibles
 f - 15 bread rations
 h - 8 fruits
 n - 3 slices of pizza
 q - 4 beef jerkies
 u - 9 meat rations
 z - 10 royal jellies


   Skills:
 * Level 12.0 Fighting
 * Level 14.4 Maces & Flails
 * Level 11.4 Armour
 - Level 4.0 Dodging
 - Level 1.9 Stealth
 * Level 17.4 Shields
 + Level 1.4 Spellcasting
 + Level 1.6 Conjurations
 + Level 1.9 Hexes
 + Level 1.6 Evocations


You had 12 spell levels left.
You knew the following spells:

 Your Spells              Type           Power        Failure   Level  Hunger
a - Fulminant Prism       Conj/Hex       #.........   100%        4    #####..


Dungeon Overview and Level Annotations

Branches:
Dungeon (14/15)            Temple (1/1) D:5            Lair (6/6) D:10
  Swamp (0/4) Lair:4        Snake (0/4) Lair:2        Slime (0/5) Lair:6
    Orc (0/2) D:10         Vaults (0/5) D:13

Altars:
Ashenzari
Cheibriados
Dithmenos
Elyvilon
Fedhas
Gozag
Hepliaklqana
Kikubaaqudgha
Makhleb
Nemelex Xobeh
Qazlal
Ru
Sif Muna
Trog
Uskayaw
Vehumet
Xom
Zin
The Shining One

Shops:
D:12 *


Innate Abilities, Weirdness & Mutations

You are resistant to torment.
Your stone body is resilient. (AC +11)
You are immune to poison.
Your large and strong wings let you fly indefinitely.
You resist negative energy. (rN+)
You are resistant to electric shocks. (rElec)
You can survive without breathing.
You are immune to petrification.
You are immune to rotting.
You have a pair of small antennae on your head.
You are partially covered in thin metallic scales. (AC +2)
Your flesh is heat resistant. (rF+)


Message History

Something smites you!
The meliai invokes the aid of its god against you.
Something smites you!
* * * LOW HITPOINT WARNING * * *
The queen bee closely misses you.
The meliai invokes the aid of its god against you.
Something smites you!
* * * LOW HITPOINT WARNING * * *
The meliai calls upon its god to heal the queen bee.
The queen bee's wounds heal themselves!
The kobold demonologist begins to cast a cantrip, but forgets the words!
The kobold demonologist gestures wildly while chanting.
A kobold demonologist comes into view. It is wielding a dagger of freezing.
There is an open door here.
The meliai calls down the wrath of its god upon you.
Something smites you!
* * * LOW HITPOINT WARNING * * *
The meliai calls down the wrath of its god upon you.
Something smites you!
You die...

..#..##........÷..(..#
..#.###............#...#.# ..'.#
#.........<=.# #.. ..###
#.............(....# ..#
########.#.#######.# '##
#.#.#.#.#.#.# .# #...#^#^#^#.#
### ##.#########K# ..###
#..#@'yy.yyKK# ......
#..#########H##+#####
..###.)######....#^#^#^#.........
..# .....#.##.#.#.#.#..?).....
..# #......#######..)...... ..#
###.##......).......... ..#
#.#########......%... ..# #.#
#.......... ..# #.# #..........


You could see a kobold demonologist, a queen bee shaped shifter and 3 meliai.

Vanquished Creatures
  The ghost of oshikia the Martial Artist, a journeyman DsMo of Uskayaw (Lair:6)
  A minotaur (Lab)
  A fire dragon (Lair:6)
  6 hydras
  A death knight (D:11)
  2 dancing weapons (D:13)
  A death yak (Lair:5)
  A centaur warrior (D:13)
  Sonja (D:13)
  An unseen horror (D:13)
  A phantasmal warrior (D:11)
  2 hill giants
  A cyclops (D:12)
  2 wolf spiders (Lair:6)
  A manticore (D:13)
  A centaur zombie (D:12)
  9 ugly things
  17 elephants
  8 black mambas
  A guardian serpent (Lair:6)
  3 gargoyles
  15 spiny frogs
  An eye of devastation (Lair:6)
  3 rime drakes (Lair:6)
  A kobold demonologist (D:12)
  15 komodo dragons
  5 trolls
  2 tyrant leeches (Lair:4)
  A queen bee (Lair:1)
  4 hornets (Lair:6)
  A polar bear (Lair:4)
  3 slime creatures (D:14)
  13 hippogriffs
  The ghost of SibleyIrresistible the Gusty, an amateur TeAE (D:4)
  5 dream sheep (Lair:5)
  3 wraiths
  A shadow (Lab)
  Sigmund (D:6)
  2 redbacks (Lair:6)
  A spriggan (D:7)
  9 wyverns
  Grum (Lair:1)
  2 basilisks (Lair:6)
  70 yaks
  Eustachio (D:6)
  6 hungry ghosts
  A steam dragon (D:9)
  A warg (D:10)
  5 nagas (Lair:2)
  3 mottled dragons (Lair:6)
  3 swamp worms (Lair:4)
  14 water moccasins
  14 porcupines
  3 swamp drakes (Lair:6)
  2 ice beasts
  11 orc warriors
  4 phantoms
  3 black bears
  3 ogres
  A necrophage (D:8)
  7 sky beasts
  7 wolves
  8 centaurs
  3 eyes of draining
  An elf zombie (D:9)
  19 crocodiles
  A big kobold (D:10)
  20 bullfrogs
  3 scorpions
  23 killer bees
  4 wights
  7 crimson imps
  12 hounds
  8 human zombies (D:9)
  2 bullfrog zombies
  3 jellies
  23 orc wizards
  2 centaur skeletons
  12 orc priests
  A bullfrog skeleton (D:6)
  Natasha (thrice) (D:4)
  5 iguanas
  17 worker ants
  2 hound skeletons (D:4)
  A mummy (D:9)
  A howler monkey zombie (D:9)
  8 gnolls
  A howler monkey skeleton (D:6)
  10 adders
  4 river rats (D:10)
  A shadow imp (D:7)
  2 oozes
  2 adder skeletons
  2 worms (D:2)
  2 dart slugs
  7 leopard geckos
  62 orcs
  3 ball pythons
  17 bats
  4 giant cockroaches
  8 goblins
  7 hobgoblins
  26 jackals
  5 quokkas
  7 frilled lizards
  12 kobolds
  A quokka skeleton (D:4)
  18 rats
  A butterfly (Lair:5)
  7 plants (Lair:5)
709 creatures vanquished.

Vanquished Creatures (others)
  A centaur warrior (D:14)
  3 yaks (Lair:6)
  2 centaurs (D:13)
  A crocodile (Lair:6)
  An orc wizard (D:4)
  An adder (D:4)
  An orc (D:13)
  6 fungi
  28 plants (Lair:6)
44 creatures vanquished.

Grand Total: 753 creatures vanquished

Notes
Turn   | Place    | Note
-------+----------+-------------------------------------------
     0 | D:1      | JeffiDaFish the Gargoyle Fighter began the quest for the Orb.
     0 | D:1      | Reached XP level 1. HP: 14/14 MP: 1/1
    76 | D:1      | Reached XP level 2. HP: 19/19 MP: 2/2
   481 | D:1      | Reached XP level 3. HP: 23/23 MP: 3/3
  1057 | D:2      | Reached XP level 4. HP: 29/29 MP: 4/4
  1120 | D:2      | Found a faded altar of an unknown god.
  1194 | D:2      | Found a shimmering altar of Xom.
  1198 | D:2      | Found a shimmering altar of Xom.
  1198 | D:2      | You fall through a shaft for 2 floors!
  1208 | D:4      | Reached skill level 4 in Shields
  1208 | D:4      | Reached XP level 5. HP: 15/33 MP: 5/5
  1548 | D:3      | Gained mutation: Your flesh is heat resistant. (rF+) [potion of mutation]
  1548 | D:3      | Gained mutation: You have a pair of small antennae on your head. [potion of mutation]
  1548 | D:3      | Gained mutation: You are partially covered in thin metallic scales. (AC +2) [potion of mutation]
  1921 | D:3      | Found a blossoming altar of Fedhas.
  2196 | D:3      | Reached XP level 6. HP: 36/38 MP: 6/6
  2411 | D:4      | Noticed SibleyIrresistible's ghost (amateur TeAE)
  2436 | D:4      | Killed SibleyIrresistible's ghost
  2436 | D:4      | Reached skill level 5 in Shields
  2455 | D:4      | Reached XP level 7. HP: 43/43 MP: 7/7
  2462 | D:4      | Reached skill level 5 in Maces & Flails
  2543 | D:4      | Noticed Natasha
  2561 | D:4      | Killed Natasha
  2952 | D:4      | Noticed Natasha
  2975 | D:4      | Killed Natasha
  3011 | D:4      | Noticed Natasha
  3020 | D:4      | Killed Natasha
  3031 | D:4      | Reached skill level 5 in Armour
  3171 | D:5      | Entered Level 5 of the Dungeon
  3499 | D:5      | Reached XP level 8. HP: 45/48 MP: 8/8
  3800 | D:5      | Found a staircase to the Ecumenical Temple.
  3809 | Temple   | Entered the Ecumenical Temple
  3885 | Temple   | Became a worshipper of Makhleb the Destroyer
  3941 | D:5      | Reached skill level 6 in Shields
  4577 | D:6      | Reached * piety under Makhleb
  4661 | D:6      | Noticed Eustachio
  4672 | D:6      | Killed Eustachio
  4672 | D:6      | Reached skill level 7 in Shields
  4708 | D:6      | Reached skill level 5 in Fighting
  4764 | D:6      | Noticed Sigmund
  4780 | D:6      | Killed Sigmund
  4780 | D:6      | Reached XP level 9. HP: 46/54 MP: 9/9
  4961 | D:6      | Found an ancient bone altar of Kikubaaqudgha.
  5102 | D:7      | Reached skill level 8 in Shields
  5109 | D:7      | Reached skill level 1 in Dodging
  5617 | D:7      | Found a hide-covered altar of Uskayaw.
  5627 | D:7      | Reached skill level 9 in Shields
  5758 | D:7      | Reached XP level 10. HP: 56/60 MP: 10/10
  5784 | D:7      | Reached ** piety under Makhleb
  5828 | D:7      | Found a bloodstained altar of Trog.
  6192 | D:8      | Found an opulent altar of Gozag.
  6820 | D:8      | Found a glowing golden altar of the Shining One.
  7230 | D:9      | Reached skill level 10 in Shields
  7538 | D:9      | Reached skill level 10 in Maces & Flails
  7832 | D:9      | Reached *** piety under Makhleb
  7946 | D:9      | Found an ancient bone altar of Kikubaaqudgha.
  8010 | D:10     | Entered Level 10 of the Dungeon
  8191 | D:10     | Found a staircase to the Orcish Mines.
  8371 | D:10     | Reached XP level 11. HP: 67/67 MP: 11/11
  8468 | D:10     | Reached **** piety under Makhleb
  8581 | D:10     | Reached skill level 11 in Shields
  8581 | D:10     | Reached XP level 12. HP: 75/75 MP: 12/12
  8856 | D:10     | Found a staircase to the Lair.
  9132 | Lair:1   | Entered Level 1 of the Lair of Beasts
  9513 | Lair:1   | Noticed Grum
  9534 | Lair:1   | Killed Grum
  9559 | Lair:1   | Reached skill level 12 in Shields
  9578 | Lair:1   | Reached ***** piety under Makhleb
 10403 | Lair:2   | Reached skill level 13 in Shields
 10406 | Lair:2   | Reached XP level 13. HP: 75/80 MP: 13/13
 10620 | Lair:2   | Found a staircase to the Snake Pit.
 10723 | Lair:2   | HP: 3/81 [seven-headed hydra (6)]
 11501 | Lair:3   | Got a fine dagger
 11502 | Lair:3   | Identified the +5 dagger "Litiyk" {flame, *Drain rN+ Int+3} (You found it on level 3 of the Lair of Beasts)
 11549 | Lair:3   | Reached skill level 1 in Stealth
 11619 | Lair:3   | Upgraded the game from 0.19.0-24-gb05acd6 to 0.19.1
 11730 | Lair:3   | Reached skill level 14 in Shields
 11903 | Lair:3   | Reached skill level 10 in Fighting
 11903 | Lair:3   | Reached skill level 10 in Armour
 12612 | Lair:4   | Found a staircase to the Swamp.
 13102 | Lair:5   | Reached ****** piety under Makhleb
 13118 | Lair:5   | Gained mutation: Your large and strong wings let you fly indefinitely. [Gargoyle growth]
 13118 | Lair:5   | Reached XP level 14. HP: 88/88 MP: 14/14
 13130 | Lair:5   | Reached skill level 15 in Shields
 14127 | Lair:6   | Entered Level 6 of the Lair of Beasts
 14592 | Lair:6   | Noticed oshikia's ghost (journeyman DsMo)
 14609 | Lair:6   | Killed oshikia's ghost
 14773 | Lair:6   | Reached skill level 16 in Shields
 15200 | Lair:6   | Got an encrusted scimitar
 15201 | Lair:6   | Identified the +2 scimitar "Gargoyle's Peril" {flame, *Slow rElec rF+ rN+} (You found it on level 6 of the Lair of Beasts)
 15418 | Lair:6   | Found a staircase to the Slime Pits.
 15781 | Lair:6   | Reached XP level 15. HP: 95/95 MP: 15/15
 15789 | Lair:6   | Got a slimy mace
 15790 | Lair:6   | Identified the +3 mace of the Wary Runes {venom, +Blink Dex+3} (You found it on level 6 of the Lair of Beasts)
 16257 | D:11     | Reached skill level 17 in Shields
 17051 | D:12     | Learned a level 4 spell: Fulminant Prism
 17115 | D:12     | Found Cezoov's Assorted Antiques.
 17494 | D:12     | Found a labyrinth entrance.
 17501 | Lab      | Entered a labyrinth
 18034 | Lab      | Got a fine turquoise ring
 18041 | Lab      | Identified the ring "Gixasoh" {rC+ rN+ MR+ Str+3} (You found it in a labyrinth)
 18371 | Lab      | Got an ichor-stained plate armour
 18385 | Lab      | Identified the +1 plate armour of the Cuttlefish {Str+8} (You found it in a labyrinth)
 18554 | D:12     | Reached skill level 1 in Hexes
 18688 | D:13     | Reached skill level 1 in Conjurations
 18747 | D:13     | Noticed Sonja
 18760 | D:13     | Killed Sonja
 18825 | D:13     | Reached skill level 1 in Evocations
 19097 | D:13     | Reached skill level 1 in Spellcasting
 19125 | D:13     | Found a gate to the Vaults.
 19931 | D:14     | HP: 4/96 [meliai/divine providence (13)]
 19931 | D:14     | Killed from afar by a meliai

Skill      XL: |  1  2  3  4  5  6  7  8  9 10 11 12 13 14 15 |
---------------+----------------------------------------------+-----
Maces & Flails | 3 4 6 7 9 10 11 12 13 14 | 14.4
Shields        | 4 5 7 9 10 11 13 14 16 17 | 17.4
Fighting       | 4 5 6 7 8 9 10 11 12 | 12.0
Armour         | 4 5 6 7 8 9 10 11 | 11.4
Dodging        | 1 3 4 |  4.0
Stealth        | 1 |  1.9
Hexes          | 1 |  1.9
Conjurations   | 1 |  1.6
Evocations     | 1 |  1.6
Spellcasting   | 1 |  1.4

Action                   |  1- 3 |  4- 6 |  7- 9 | 10-12 | 13-15 || total
-------------------------+-------+-------+-------+-------+-------++-------
Melee: Flail             |   123 |   250 |   649 |   945 |  2047 ||  4014
       Mace              |       |       |       |       |    52 ||    52
 Abil: Fly               |       |       |       |       |     1 ||     1
  Use: Scroll            |     5 |     3 |     7 |     8 |    14 ||    37
       Potion            |     3 |     6 |     4 |     3 |     8 ||    24
 Stab: Confused          |       |       |       |       |     1 ||     1
  Eat: Chunk             |     1 |     5 |    12 |    19 |    31 ||    68
       Fruit             |       |       |       |     3 |     1 ||     4
       Royal jelly       |       |       |       |       |     2 ||     2
Armor: Scale mail        |    18 |       |       |       |       ||    18
       Plate armour      |    65 |   232 |   511 |   538 |  1160 ||  2506
Dodge: Dodged            |    22 |    41 |   149 |   196 |   404 ||   812
Block: Shield            |    54 |   152 |   396 |   353 |       ||   955
       Large shield      |       |       |       |   437 |  2296 ||  2733
       Reflection        |       |       |       |       |    20 ||    20
